 Dungeon Crawl Stone Soup version 0.31.0-32-g396128a36d (webtiles) character file.

Game seed: 17192580445705822152

210 EntropyEnjoyer the Trooper (level 5, -3/54 HPs)
             Began as an Oni Warper on Mar 10, 2024.
             Slain by Duvessa the fire bat (8 damage)
             ... on level 4 of the Dungeon.
             The game lasted 00:09:47 (2894 turns).

EntropyEnjoyer the Trooper (Oni Warper)             Turns: 2894, Time: 00:09:48

Health: -3/54      AC:  3    Str: 17    XL:     5   Next: 87%
Magic:  10/10      EV:  9    Int: 14    God:
Gold:   144        SH:  0    Dex:  8    Spells: 2/11 levels left

rFire   . . .        q - +0 morningstar
rCold   . . .        (no shield)
rNeg    . . .        b - +0 robe
rPois   +            (helmet currently unavailable)
rElec   .            (cloak currently unavailable)
rCorr   .            (gloves unavailable)
SInv    .            (boots unavailable)
Will    .....        (no amulet)
Stlth   +            g - ring of poison resistance
HPRegen 0.29/turn    (no ring)
MPRegen 0.12/turn

%: no passive effects
@: beast-form
A: beast (slay +0), large, unfitting armour, horns 1, tough skin 1, double
potion healing, drunken brawling
a: Begin Untransformation


You were on level 4 of the Dungeon.
You were a hulking beast.
You visited 1 branch of the dungeon, and saw 4 of its levels.

You collected 144 gold pieces.

Inventory:

Hand Weapons
 i - a +1 dagger of venom
 j - a +2 short sword of holy wrath
 q - a +0 morningstar (weapon)
Missiles
 d - 7 darts of dispersal
 s - 2 poisoned darts (quivered)
Armour
 b - a +0 robe (worn)
Jewellery
 g - a ring of poison resistance (left hand)
 p - a ring of protection from cold
Talismans
 l - a beast talisman (active)
Wands
 v - a wand of polymorph (5)
Scrolls
 a - 3 scrolls of teleportation {unknown}
 c - 2 scrolls of blinking
 e - 2 scrolls of noise {unknown}
 f - a scroll of silence {unknown}
 h - 3 scrolls of identify {unknown}
 r - 2 scrolls of fog {unknown}
Potions
 k - a potion of mutation {unknown}
 m - a potion of degeneration {unknown}
 n - a potion of lignification {unknown}
 o - a potion of enlightenment {unknown}
 t - a potion of haste {unknown}
 u - a potion of heal wounds {unknown}


   Skills:
 + Level 4.2 Fighting
 * Level 4.0 Maces & Flails
 - Level 1.0 Throwing
 - Level 2.1 Dodging
 + Level 3.5 Spellcasting
 + Level 3.4 Translocations


You had 2 spell levels left.
You knew the following spells:

 Your Spells              Type           Power      Damage    Failure   Level
a - Blink                 Tloc           24%        N/A       8%          2
b - Manifold Assault      Tloc           12%        N/A       43%         4
c - Teleport Other        Tloc           12%        N/A       14%         3

Your spell library contained the following spells:

 Spells                   Type           Power      Damage    Failure   Level
 Lesser Beckoning         Tloc           24%        N/A       8%          2
 Summon Small Mammal      Summ           8%         N/A       21%         1
 Call Canine Familiar     Summ           2%         N/A       52%         3
 Vhi's Electric Charge    Tloc/Air       14%        N/A       69%         4
 Summon Blazeheart Golem  Fire/Summ      2%         N/A       90%         4


Dungeon Overview and Level Annotations

Branches:
Dungeon (4/15)
 Temple: D:4-7

Altars:

Annotations:
D:3 Sigmund
D:4 Duvessa


Innate Abilities, Weirdness & Mutations

You are a hulking beast.
Your limbs bulge with bestial killing power. (Slay +0)
You are too large for most types of armour.
You have a pair of small horns on your head.
You have tough skin. (AC +1)
You gain doubled healing and magic from potions.
Whenever you drink a healing potion, you attack all around you.


Message History

Press: ? - help, Q - select action, (/) - cycle Shift-Dir - straight line, f/p - Duvessa
Aim: Duvessa, wielding a +0 short sword and wearing a +3 leather armour (lightly wounded, berserk, very poisoned, 56% to hit)
You throw a poisoned dart.
The poisoned dart barely misses Duvessa.
Duvessa barely misses you.
Aiming: Polymorph
Press: ? - help, Shift-Dir - straight line, f/p - Duvessa
Aim: Duvessa, wielding a +0 short sword and wearing a +3 leather armour (lightly wounded, berserk, very poisoned, will become a scorpion, a swamp drake, or a wolf, chance to affect: 31%) Duvessa evaporates and reforms as a swamp drake!
Press: ? - help, v - describe, . - travel, g - get item
Here: Duvessa the swamp drake (lightly wounded)
Items here: a +0 short sword; a +3 leather armour.
The floor.
Aiming: Polymorph
Press: ? - help, Shift-Dir - straight line, f/p - Duvessa
Aim: Duvessa the swamp drake (lightly wounded, will become a steam dragon, a killer bee, or a fire bat, chance to affect: 49%) Duvessa the swamp drake evaporates and reforms as a fire bat!
Duvessa bites you.
You are engulfed in flames.
You barely miss Duvessa. Your headbutt misses Duvessa. Duvessa bites you.
You are engulfed in flames.
You thump Duvessa!
Duvessa is severely wounded.
Duvessa closely misses you. Duvessa bites you.
You are engulfed in flames!
You miss Duvessa.
Duvessa is severely wounded.
Duvessa bites you.
You are engulfed in flames!
Duvessa barely misses you.
Things that are here:
a +0 short sword; a +3 leather armour You barely miss Duvessa.
Duvessa is severely wounded.
Duvessa barely misses you. Duvessa bites you.
* * * LOW HITPOINT WARNING * * *
You are engulfed in flames!
* * * LOW HITPOINT WARNING * * *
You barely miss Duvessa.
Duvessa is severely wounded.
Duvessa bites you.
* * * LOW HITPOINT WARNING * * *
You are engulfed in flames!
You die...

#....##........<..##
##.................#
.
#......#####....†.#
...# ##...###
###...<#
#....###...# #..###
#.........# #..#
###......)# #..#
#...#.b.# #..#
#..###.h# #..# #..
##(.# #..# #..#
##.(. #..# #..#
.(... ...# ...
....... .......
#.(.... ...#..


You could see Duvessa the fire bat.

Vanquished Creatures
  Dowan (D:4)
  Natasha (twice) (D:3 D:4)
  A gnoll (D:2)
  4 adders (D:2)
  A dart slug (D:2)
  8 bats
  8 endoplasms
  6 giant cockroaches
  3 goblins
  7 hobgoblins
  6 kobolds
  3 quokkas
  8 ball pythons
  A frilled lizard (D:2)
  5 rats
64 creatures vanquished.

Notes
Turn   | Place    | Note
-------+----------+-------------------------------------------
     0 | D:1      | EntropyEnjoyer the Oni Warper began the quest for the Orb.
     0 | D:1      | Reached XP level 1. HP: 22/22 MP: 3/3
   165 | D:1      | Reached XP level 2. HP: 17/29 MP: 5/5
   519 | D:1      | Reached XP level 3. HP: 37/37 MP: 7/7
   884 | D:2      | Learned a level 2 spell: Blink
   951 | D:2      | Reached XP level 4. HP: 8/45 MP: 8/8
  2239 | D:3      | Learned a level 4 spell: Manifold Assault
  2243 | D:3      | Learned a level 3 spell: Teleport Other
  2324 | D:3      | Noticed Natasha
  2328 | D:3      | Killed Natasha
  2329 | D:3      | Reached XP level 5. HP: 54/54 MP: 8/10
  2575 | D:3      | Noticed Sigmund
  2608 | D:3      | Noticed Natasha
  2630 | D:4      | HP: 1/54 [Natasha (8)]
  2632 | D:4      | Killed Natasha
  2837 | D:4      | Noticed Dowan
  2860 | D:4      | Killed Dowan
  2882 | D:4      | Noticed Duvessa
  2887 | D:4      | Duvessa changed into Duvessa the swamp drake
  2887 | D:4      | Noticed Duvessa
  2888 | D:4      | Duvessa the swamp drake changed into Duvessa the fire bat
  2888 | D:4      | Noticed Duvessa
  2894 | D:4      | Slain by Duvessa the fire bat

Illustrated notes

Levels and vault maps discovered:
D:1:      ncdulo_wetmaze, layout_loops_ring
D:2:      minmay_general_purpose_star, layout_loops_corners, minmay_quantized
D:3:      layout_basic, grunt_decor_one_mirror, uniq_crazy_yiuf_cottage,
          uniq_sigmund, uniq_natasha
D:4:      layout_layer_cave, cheibrodos_sewer_entry_bend, uniq_robin,
          uniq_duvessa

Skill      XL: |  1  2  3  4  5 |
---------------+----------------+-----
Fighting       | 3 4 |  4.2
Translocations | 3 |  3.4
Maces & Flails | 3 4 |  4.0
Spellcasting   | 3 |  3.5
Throwing       | |  1.0
Dodging        | |  2.1

Action                     |  1- 3 |  4- 6 || total
---------------------------+-------+-------++-------
  Melee: Mace              |   106 |    46 ||   152
         Headbutt          |    13 |    18 ||    31
         Morningstar       |       |    39 ||    39
         Unarmed           |       |     2 ||     2
  Throw: Dart              |       |     4 ||     4
   Cast: Blink             |     1 |     1 ||     2
  Evoke: Wand              |       |     2 ||     2
   Stab: Sleeping          |       |     1 ||     1
 Armour: Robe              |    65 |    76 ||   141
         Skin              |       |     1 ||     1
  Dodge: Dodged            |    48 |    47 ||    95
   Form: Beast             |       |     1 ||     1
